 Dungeon Crawl Stone Soup version 0.27-a0-1202-ge72e49191c (webtiles) character file.

Game seed: 2982017504384728603

723 bande the Shield-Bearer (level 7, -3/43 HPs)
             Began as a Gargoyle Fighter on June 5, 2021.
             Frozen to death by Nolbo's ghost (4 damage)
             ... on level 5 of the Dungeon.
             The game lasted 00:07:21 (5247 turns).

bande the Shield-Bearer (Gargoyle Fighter)          Turns: 5247, Time: 00:07:21

Health: -3/43      AC: 14    Str: 20 (21) XL:     7   Next: 71%
Magic:  0/7        EV:  8    Int:  7 (8)  God:
Gold:   253        SH: 10    Dex:  9 (10) Spells: 6/6 levels left

rFire    . . .     SeeInvis .   a - +1 war axe
rCold    . . .     Faith    .   c - +1 kite shield
rNeg     + . .     Spirit   +   b - +0 scale mail
rPois    ∞         Reflect  .   (no helmet)
rElec    +         Harm     .   (no cloak)
rCorr    +         Rampage  .   (no gloves)
Will     .....     Rnd*Rage +   (no boots)
Stlth    ..........             k - amulet of guardian spirit
HPRegen  0.14/turn              m - ring "Ygalo" {rElec rPois rC- rCorr Slay+4}
MPRegen  0.10/turn              (no ring)

@: mighty
A: sickness immunity, AC +4, negative energy resistance 1, electricity
resistance, torment resistance 1, petrification resistance, iridescent scales 1,
berserk 1, cold resistance 1
a: no special abilities


You were on level 5 of the Dungeon.
You visited 1 branch of the dungeon, and saw 5 of its levels.

You collected 253 gold pieces.

Inventory:

Hand Weapons
 a - a +1 war axe (weapon)
Armour
 b - a +0 scale mail (worn)
 c - a +1 kite shield (worn)
Jewellery
 k - an amulet of guardian spirit (around neck)
 m - the ring "Ygalo" (left hand) {rElec rPois rC- rCorr Slay+4}
   (You acquired it on level 5 of the Dungeon)

   [ring of slaying]

   It affects your accuracy and damage with ranged weapons and melee attacks
   (+4).
   It makes you vulnerable to cold.
   It insulates you from electricity.
   It protects you from poison.
   It protects you from acid and corrosion.
Wands
 i - a wand of polymorph (10)
Scrolls
 f - a scroll of enchant armour
 h - a scroll of teleportation
 l - 2 scrolls of enchant weapon
Potions
 d - a potion of might
 g - a potion of degeneration
 j - a potion of resistance


   Skills:
 + Level 4.3 Fighting
 + Level 5.0 Axes
 + Level 5.0 Armour
 + Level 1.2 Dodging
 + Level 5.3 Shields
 * Level 1.2 Evocations


You had 6 spell levels left.
You didn't know any spells.
Your spell library contained the following spells:

 Spells                   Type           Power      Damage    Failure   Level
 Animate Skeleton         Necr           0%         N/A       99%         1
 Apportation              Tloc           0%         N/A       99%         1
 Corona                   Hex            0%         N/A       99%         1
 Magic Dart               Conj           0%         1d3       99%         1
 Summon Small Mammal      Summ           0%         N/A       99%         1
 Searing Ray              Conj           0%         3d3       100%        2
 Dazzling Flash           Conj/Hex       0%         N/A       100%        3
 Fulminant Prism          Conj/Hex       0%         3d6       100%        4
 Iskenderun's Mystic Bla  Conj/Tloc      0%         2d3       100%        4


Dungeon Overview and Level Annotations

Branches:
Dungeon (5/15)
 Temple: D:4-7

Altars:

Annotations:
D:1 1 runed translucent door
D:5 Nolbo's ghost, amateur NaIE


Innate Abilities, Weirdness & Mutations

You are immune to sickness and miasma.
Your stone body is resilient. (AC +4)
You are immune to poison.
You resist negative energy. (rN+)
You are resistant to electric shocks. (rElec)
You are resistant to unholy torment.
You are immune to petrification.
You are partially covered in iridescent scales. (AC +2)
You tend to lose your temper in combat.
Your flesh is cold resistant. (rC+)


Message History

You are frozen!
* * * LOW HITPOINT WARNING * * *
Nolbo's ghost hits you but does no damage.
You feel better. Nolbo's ghost hits you.
You feel very mighty all of a sudden.
Nolbo's ghost hits you but does no damage.
You hit Nolbo's ghost.
Nolbo's ghost is heavily damaged.
You block Nolbo's ghost's attack.
You closely miss Nolbo's ghost.
Nolbo's ghost is heavily damaged.
Nolbo's ghost freezes you.
You are frozen!
* * * LOW HITPOINT WARNING * * *
You slash Nolbo's ghost!
Nolbo's ghost is severely damaged.
Nolbo's ghost hits you.
* * * LOW HITPOINT WARNING * * *
You block Nolbo's ghost's attack.
You slash Nolbo's ghost!
Nolbo's ghost is almost destroyed.
You block Nolbo's ghost's attack.
It was a potion of degeneration.
There was something very wrong with that liquid.
You feel weakened.
You feel dopey.
You feel clumsy.
Nolbo's ghost hits you but does no damage.
It was a potion of magic.
Magic courses through your body. Nolbo's ghost hits you.
* * * LOW HITPOINT WARNING * * *
You closely miss Nolbo's ghost.
Nolbo's ghost is almost destroyed.
Nolbo's ghost freezes you.
You are frozen.
* * * LOW HITPOINT WARNING * * *
Nolbo's ghost hits you but does no damage.
You barely miss Nolbo's ghost.
Nolbo's ghost is almost destroyed.
Nolbo's ghost freezes you.
You are frozen.
You die...

#.# #.# #.# #.#### #.# #.....
#.# ###### #.# #.# #########
########.# #######........
#........####...........###
#.#.......@W..###'''###..##
#.#.#######..##......?##...
#.#.#######..#.........##.#
#.#.........##..........#..
#.#.######..#...####....##.
#####.#........##..##$)###?..#.
#.......#####.(#..# .....##..#.
#.###.### #..#..# ..=...#..#.
#.# #.# #..#..# ....(#..##


You could see Nolbo's ghost.

Vanquished Creatures
  An ice beast (D:4)
  A sky beast (D:5)
  A necrophage (D:4)
  A phantom (D:2)
  A scorpion (D:5)
  A howler monkey (D:4)
  A hound (D:4)
  A jelly (D:5)
  2 iguanas
  A hound skeleton (D:5)
  5 adders
  A hound simulacrum (D:5)
  A white imp (D:5)
  An ufetubus (D:5)
  An adder skeleton (D:5)
  2 worms
  2 dart slugs
  6 orcs
  4 ball pythons
  7 endoplasms
  2 giant cockroaches
  7 hobgoblins
  5 jackals
  3 quokkas
  7 bats
  2 frilled lizards
  5 goblins
  6 kobolds
  4 rats
82 creatures vanquished.

Vanquished Creatures (others)
  2 plants (D:1)
2 creatures vanquished.

Grand Total: 84 creatures vanquished

Notes
Turn   | Place    | Note
-------+----------+-------------------------------------------
     0 | D:1      | bande the Gargoyle Fighter began the quest for the Orb.
     0 | D:1      | Reached XP level 1. HP: 14/14 MP: 1/1
     1 | D:1      | Found a runed translucent door.
   231 | D:1      | Found a faded altar of an unknown god.
   305 | D:1      | Reached XP level 2. HP: 11/19 MP: 2/2
  1217 | D:2      | Reached XP level 3. HP: 23/23 MP: 3/3
  1470 | D:2      | Noticed a phantom
  1483 | D:2      | Killed a phantom
  1484 | D:2      | Reached XP level 4. HP: 18/28 MP: 4/4
  1802 | D:2      | Reached XP level 5. HP: 32/32 MP: 5/5
  3087 | D:4      | Reached XP level 6. HP: 38/38 MP: 6/6
  3254 | D:4      | Noticed an ice beast
  3265 | D:4      | Killed an ice beast
  3752 | D:4      | Noticed a necrophage
  3759 | D:4      | Killed a necrophage
  3760 | D:4      | Reached skill level 1 in Dodging
  3760 | D:4      | Reached skill level 5 in Shields
  3760 | D:4      | Reached XP level 7. HP: 38/43 MP: 7/7
  3952 | D:5      | Entered Level 5 of the Dungeon
  3965 | D:5      | Gained mutation: Your flesh is cold resistant. (rC+)
                  | [potion of mutation]
  3965 | D:5      | Gained mutation: You tend to lose your temper in combat.
                  | [potion of mutation]
  3965 | D:5      | Gained mutation: You are partially covered in iridescent
                  | scales. (AC +2) [potion of mutation]
  4059 | D:5      | Reached skill level 1 in Evocations
  4362 | D:5      | Identified a scroll of acquirement
  4362 | D:5      | Acquired the ring "Ygalo" {rElec rPois rC- rCorr Slay+4}
  4382 | D:5      | Reached skill level 5 in Axes
  4444 | D:5      | Reached skill level 5 in Armour
  4580 | D:5      | Found a runed translucent gate.
  4580 | D:5      | Found a runed translucent gate.
  4580 | D:5      | Found a runed translucent gate.
  4658 | D:5      | Noticed Nolbo's ghost (amateur NaIE)
  5245 | D:5      | HP: 2/43 [Nolbo's ghost (1)]
  5247 | D:5      | Frozen to death by Nolbo's ghost

Illustrated notes

Levels and vault maps discovered:
D:1:      dpeg_arrival_caged_fury, layout_loops_ring,
          shapermc_ecumenical_altar_totnotflames, serial_bayou_lake_a
D:2:      layout_basic
D:3:      layout_loops_corners
D:4:      layout_loops_cross, uniq_menkaure
D:5:      layout_loops_ring, gammafunk_ghost_icy

Skill      XL: |  1  2  3  4  5  6  7 |
---------------+----------------------+-----
Axes           | 2 3 4 5 |  5.0
Shields        | 4 5 |  5.3
Armour         | 4 5 |  5.0
Fighting       | 4 |  4.3
Dodging        | 1 |  1.2
Evocations     | 1 |  1.2

Action                   |  1- 3 |  4- 6 |  7- 9 || total
-------------------------+-------+-------+-------++-------
Melee: War axe           |    85 |   129 |    49 ||   263
  Use: Scroll            |     3 |     6 |     3 ||    12
       Potion            |       |       |     5 ||     5
Armor: Scale mail        |    54 |    64 |    31 ||   149
Dodge: Dodged            |    31 |    31 |    14 ||    76
Block: Kite shield       |    57 |    76 |    26 ||   159

Table legend: (Time is in decaauts)
 A = Elapsed time spent in this place.
 B = Non-inter-level travel time spent in this place.
 C = Inter-level travel time spent in this place.
 D = Time resting spent in this place.
 E = Time spent auto-exploring this place.
 F = Levels seen in this place.
 G = Mean time per level.
                   A        B        C        D        E       F      G
               +--------+--------+--------+--------+--------+-----+--------+
         Total |   5461 |   5389 |     72 |   1263 |   3319 |   5 | 1092.2 |
       Dungeon |   5461 |   5389 |     72 |   1263 |   3319 |   5 | 1092.2 |
               +--------+--------+--------+--------+--------+-----+--------+

Top non-repeatable levels by time:
     D:5: 1316 daAuts
     D:1: 1251 daAuts
     D:3: 1209 daAuts
     D:4: 901 daAuts
     D:2: 783 daAuts
